 Dungeon Crawl Stone Soup version 0.31.0-11-ge490571c62 (webtiles) character file.

Game seed: 10462804968249037832

117 browni3141 the Chopper (level 4, -2/41 HPs)
             Began as a Minotaur Fighter on Jan 28, 2024.
             Slain by an iguana (7 damage)
             ... on level 5 of the Dungeon.
             The game lasted 00:00:41 (763 turns).

browni3141 the Chopper (Minotaur Fighter)            Turns: 763, Time: 00:00:41

Health: -2/41      AC:  6    Str: 22    XL:     4   Next: 71%
Magic:  3/3        EV:  9    Int:  5    God:
Gold:   96         SH:  4    Dex: 10    Spells: 3/3 levels left

rFire   . . .        a - +0 war axe
rCold   . . .        c - +0 buckler
rNeg    . . .        b - +0 scale mail
rPois   .            (helmet restricted)
rElec   .            (no cloak)
rCorr   .            (no gloves)
SInv    .            (no boots)
Will    +....        (no amulet) Stlth
                     i - ring of willpower
HPRegen 0.26/turn    (no ring)
MPRegen 0.08/turn

%: no passive effects
@: no status effects
A: horns 2, retaliatory headbutt
a: no special abilities


You were on level 5 of the Dungeon.
You visited 1 branch of the dungeon, and saw 5 of its levels.

You collected 96 gold pieces.

Inventory:

Hand Weapons
 a - a +0 war axe (weapon)
Armour
 b - a +0 scale mail (worn)
 c - a +0 buckler (worn)
Jewellery
 i - a ring of willpower (left hand)
Scrolls
 e - 3 scrolls of identify {unknown}
 f - a scroll of torment {unknown}
 g - 2 scrolls of enchant weapon {unknown}
Potions
 d - 2 potions of might
 h - a potion of brilliance {unknown}


   Skills:
 + Level 4.8 Fighting
 * Level 5.1 Axes
 - Level 3.6 Armour
 - Level 3.6 Shields


You had 3 spell levels left.
You didn't know any spells.
Your spell library was empty.

Dungeon Overview and Level Annotations

Branches:
Dungeon (5/15)
 Temple: D:4-7

Altars:


Innate Abilities, Weirdness & Mutations

You have a pair of horns on your head.
You reflexively headbutt those who attack you in melee.


Message History

You furiously retaliate!
You headbutt the orc!
You kill the orc!
The orc closely misses you. The orc hits you but does no damage.
You closely miss the orc. The orc hits you with a +0 flail!
You slash the orc!
You kill the orc!
No target in view!
Things that are here:
a +0 mace; a +0 flail; an orc corpse You now have 76 gold pieces (gained 8).
Found a stone staircase leading down.
An adder comes into view.
The adder hisses angrily.
An adder is nearby!
An adder is nearby!
You slash the adder!
The adder is almost dead.
The adder bites you. The adder bites you but does no damage.
You hit the adder.
You kill the adder!
No target in view!
You now have 89 gold pieces (gained 13).
You now have 96 gold pieces (gained 7).
A scorpion comes into view.
A scorpion is nearby!
You closely miss the scorpion. Your headbutt misses the scorpion.
The scorpion stings you but does no damage.
You block the scorpion's attack.
You closely miss the scorpion.
The scorpion stings you but does no damage.
You slash the scorpion!
The scorpion is severely wounded.
The scorpion stings you. You block the scorpion's attack.
You barely miss the scorpion.
The scorpion is severely wounded.
The scorpion stings you.
You are poisoned.
The scorpion poisons you!
The scorpion stings you but does no damage.
You barely miss the scorpion.
The scorpion is heavily wounded.
You feel very sick. The scorpion stings you. You block the scorpion's attack.
You closely miss the scorpion. You headbutt the scorpion!
You kill the scorpion!
You feel sick.
Your Axes skill increases to level 5!
You have reached level 4!
You feel agile.
You feel sick.
You feel sick.
You feel sick.
You feel sick.
You feel sick.
You feel sick.
You are no longer poisoned.
There is a stone staircase leading down here.
You climb downwards.
There is a stone staircase leading up here.
Search for what [? for help]? armor HP restored.
A ribbon worm comes into view.
A ribbon worm is nearby!
A ribbon worm is nearby!
A ribbon worm is nearby!
The ribbon worm expels a string of sticky webbing.
The stream of webbing hits you but does no damage.
You are caught in a web!
There is a web here.
The web tears apart.
You slash the ribbon worm!
The ribbon worm is severely wounded.
The ribbon worm bites you.
You hit the ribbon worm.
You kill the ribbon worm!
No target in view!
An iguana comes into view.
The iguana hisses angrily.
The iguana moves out of view.
You see here a ribbon worm corpse.
No target in view!
An iguana is nearby!
An iguana is nearby!
An iguana is nearby!
An iguana is nearby!
The iguana bites you!
You closely miss the iguana. The iguana bites you!
You closely miss the iguana. The iguana bites you!
The iguana bites you but does no damage.
You slash the iguana!
The iguana is heavily wounded.
The iguana bites you. You block the iguana's attack.
You hit the iguana.
The iguana is severely wounded.
The iguana bites you!
You closely miss the iguana.
The iguana is severely wounded.
The iguana bites you!
You die...

#.....#
#.....#
#.....##
#......
#....#
#....#
#....#
#....#
#...@+
#†..l#
#...#....
#.#.#####
#.#... #
#.#######.#
#.##....#.#
#.##.#....#
#....#..###


You could see an iguana.

Vanquished Creatures
  A scorpion (D:4)
  2 adders
  2 dart slugs
  A ribbon worm (D:5)
  6 orcs
  A ball python (D:4)
  A bat (D:3)
  An endoplasm (D:1)
  A giant cockroach (D:3)
  A goblin (D:1)
  2 hobgoblins (D:3)
  3 jackals (D:2)
  A quokka (D:2)
  2 frilled lizards
  3 kobolds
28 creatures vanquished.

Notes
Turn   | Place    | Note
-------+----------+-------------------------------------------
     0 | D:1      | browni3141 the Minotaur Fighter began the quest for the
                  | Orb.
     0 | D:1      | Reached XP level 1. HP: 19/19 MP: 0/0
    92 | D:1      | Reached skill level 3 in Axes
   133 | D:2      | Reached XP level 2. HP: 20/27 MP: 1/1
   432 | D:3      | Reached XP level 3. HP: 33/33 MP: 2/2
   524 | D:4      | Reached skill level 4 in Axes
   646 | D:4      | Noticed a scorpion
   654 | D:4      | Killed a scorpion
   655 | D:4      | Reached skill level 5 in Axes
   655 | D:4      | Reached XP level 4. HP: 27/41 MP: 3/3
   664 | D:5      | Entered Level 5 of the Dungeon
   763 | D:5      | Slain by an iguana

Illustrated notes

Levels and vault maps discovered:
D:1:      lightli_iron_boxes, layout_basic, minmay_quantized
D:2:      layout_basic, minmay_hedge_maze
D:3:      layout_basic, hangedman_decor_growths, supply_closet_lemuel,
          minmay_ogre_servants
D:4:      layout_basic, temple_doors_e, uniq_edmund
D:5:      layout_basic, nicolae_eternal_life

Skill      XL: |  1  2  3 |
---------------+----------+-----
Axes           | 3 5 |  5.1
Fighting       | 4 |  4.8
Armour         | |  3.6
Shields        | |  3.6

Action                     |  1- 3 |  4- 6 || total
---------------------------+-------+-------++-------
  Melee: War axe           |    65 |     7 ||    72
         Headbutt          |     7 |       ||     7
 Armour: Scale mail        |    48 |     8 ||    56
  Dodge: Dodged            |    28 |       ||    28
  Block: Buckler           |    20 |     1 ||    21
